[Event "Late-Titled-Tuesday-Blitz-October-10-2023"]
[Site "Chess.com"]
[Date "2023.10.10"]
[Round "4"]
[White "Mackster23"]
[Black "Necromon"]
[Result "0-1"]
[WhiteElo "2668"]
[BlackElo "2459"]
[TimeControl "180+1"]
[EndTime "14:37:14 PDT"]
[Termination "Necromon won by checkmate"]

1. e4 c5 2. Nf3 Nc6 3. d4 cxd4 4. Nxd4 g6 5. c4 Bg7 6. Be3 Nh6 7. Nc3 Ng4 8. Qxg4 Nxd4 9. Qd1 Ne6 10. Be2 Qa5 11. Rc1 b6 12. O-O Bb7 13. f3 g5 14. a3 Rc8 15. Qd2 Rg8 16. Rfd1 d6 17. Bf1 Qe5 18. b4 h5 19. Qc2 g4 20. Kh1 gxf3 21. gxf3 f5 22. Bg2 f4 23. Bf2 h4 24. Nd5 Ng5 25. Bxh4 e6 26. Nc3 Rh8 27. Qf2 Rxc4 28. Ne2 Rxc1 29. Rxc1 Kd7 30. Bxg5 Qxg5 31. Ng1 Qh5 32.
h3 Qe5 33. Qe2 Rc8 34. Rd1 Rc3 35. Qa2 Re3 36. Ne2 Bf6 37. Nd4 Qxd4 38. Rxd4 Bxd4 39. Qd2 e5 40. Qa2 Re1+ 41. Kh2 Bg1+ 42. Kh1 Bf2+ 43. Kh2 Bg3# 0-1

[Event "Late-Titled-Tuesday-Blitz-October-10-2023"]
[Site "Chess.com"]
[Date "2023.10.10"]
[Round "4"]
[White "EsmeraldasAnderson03"]
[Black "GMJustin"]
[Result "0-1"]
[WhiteElo "2430"]
[BlackElo "2190"]
[TimeControl "180+1"]
[EndTime "14:37:14 PDT"]
[Termination "GMJustin won by checkmate"]

1. d4 Nf6 2. c4 e6 3. Nc3 Bb4 4. f3 d5 5. a3 Bxc3+ 6. bxc3 c5 7. cxd5 Nxd5 8. dxc5 Qa5 9. e4 Ne7 10. Be3 Qxc3+ 11. Kf2 Nbc6 12. Ne2 Qa5 13. Qb3 O-O 14. Nc3 f5 15. Bc4 f4 16. Bxe6+ Kh8 17. Bxf4 Rxf4 18. Bxc8 Qxc5+ 19. Kg3 Qg5+ 20. Bg4 h5 21. h4 Qe5 22. Qe6 Rxg4+ 23. Kf2 Qxe6 24. fxg4 Rf8+ 25. Ke3 Qxg4 26. Raf1 Qg3+ 27. Rf3 Rxf3+ 28. gxf3 Ne5 29. Rf1 Qxh4 30. Ne2 g5 31. Nd4 N5g6 32. Ne6 Qg3 33. Rd1 h4 34. Rd8+ Kh7 35. Rd7 Kh6 36. Nd4 Qe5 37. Rxb7 h3 38. Rb2 h2 39. Rb1 Qf4+ 40. Kf2 Nh4 41. Rh1 g4 42. Ne2 g3+ 43. Ke1 Qe3 44. Rf1 g2 45. Kd1 gxf1=Q+ 46. Kc2 Qfxe2+ 47. Kb1 Q3f2 48. Ka1 Qee1# 0-1

[Event "Late-Titled-Tuesday-Blitz-October-10-2023"]
[Site "Chess.com"]
[Date "2023.10.10"]
[Round "4"]
[White "CraiggoryC"]
[Black "kreonx"]
[Result "0-1"]
[WhiteElo "2253"]
[BlackElo "2489"]
[TimeControl "180+1"]
[EndTime "14:37:15 PDT"]
[Termination "kreonx won by resignation"]

1. e4 c6 2. d4 d5 3. e5 c5 4.
dxc5 e6 5. Nf3 Bxc5 6. a3 Ne7 7.
Bd3 Ng6 8. b4 Be7 9. O-O a5 10. b5 Nd7 11. Re1 Nc5 12. Bf1 b6 13.
g3 Bb7 14. h4 f6 15. h5 Nxe5 16. Nxe5 fxe5 17. h6 O-O 18. hxg7 Kxg7 19. Bb2 Bf6 20. Nd2 e4 21. Bxf6+ Qxf6 22. Nb3 Qxf2+ 23. Kh1 Qxg3 24.
Re2 Kh8 25. Nd4 Rf6 26. Rg2 Rh6+ 27. Kg1 Qe3+ 28. Rf2 Rg8+ 29. Bg2 Rf6 30. Qd2 Qxf2+ 31. Qxf2 Rxf2 32. Kxf2 e5 33. Nc6 Bxc6 34. bxc6 Rc8 35. c4 d4 36. Ke2 Rxc6 37. Rf1 Rg6 38. Bh3 Kg7 39. Bf5 Rg2+ 40. Rf2 d3+ 41. Ke3 Rxf2 42. Kxf2 d2 43. Ke2 e3 44. Bg4 Ne4 45. Bf3 Nc3+ 46. Kxe3 d1=Q 47. Bxd1 Nxd1+ 48. Ke4 Nb2 49. Kxe5 Nxc4+ 50. Kd4 Nxa3 51. Kd5 h5 52. Kc6 h4 53. Kxb6 h3 54. Kxa5 h2 55. Kb6 h1=Q 0-1

[Event "Late-Titled-Tuesday-Blitz-October-10-2023"]
[Site "Chess.com"]
[Date "2023.10.10"]
[Round "4"]
[White "Fandorine"]
[Black "rychessmaster1"]
[Result "1-0"]
[WhiteElo "2930"]
[BlackElo "2701"]
[TimeControl "180+1"]
[EndTime "14:37:17 PDT"]
[Termination "Fandorine won on time"]

1. g3 d5 2. Bg2 g6 3. Nf3 Bg7 4. O-O Nf6 5. d3 O-O 6. Nbd2 d4 7. Nb3 Nc6 8. c3 e5 9. Bg5 h6 10. Bxf6 Qxf6 11. Rc1 Re8 12. Nfd2 dxc3 13. bxc3 Qe7 14. Rb1 Be6 15. Qc2 Rad8 16. Ne4 b6 17. Nec5 Nb8 18.
Nxe6 Qxe6 19. a4 Nd7 20. a5 Nf6 21. Nd2 Nd5 22. c4 Ne7 23. Ne4 Kh7 24. Nc3 Qd7 25. Nb5 c6 26. Nc3 Qc7 27. axb6 axb6 28.
Qb3 Rb8 29. Rfc1 Nf5 30. e3 Nd6 31. h4 f5 32. Qa4 Rec8 33. Qc2 h5 34. Na4 Re8 35.
c5 bxc5 36. Nxc5 Rxb1 37. Qxb1 Rb8 38. Qa2 Rb6 39. Qe6 Rb2 40. Nd7 c5 41. Nf6+ Bxf6 42. Qxf6 Ne8 43. Qe6 Ng7 44. Qd5 Rd2 45. Rxc5 Qe7 46.
Rc8 Ne6 47. Qxe5 Rd1+ 48. Kh2 1-0

[Event "Late-Titled-Tuesday-Blitz-October-10-2023"]
[Site "Chess.com"]
[Date "2023.10.10"]
[Round "4"]
[White "dretch"]
[Black "LoaySameer"]
[Result "1-0"]
[WhiteElo "2848"]
[BlackElo "2556"]
[TimeControl "180+1"]
[EndTime "14:37:18 PDT"]
[Termination "dretch won by resignation"]

1. d4 Nf6 2. c4 g6 3. Nc3 Bg7 4. e4 O-O 5. Nf3 d6 6. h3 e5 7. dxe5 dxe5 8. Qxd8 Rxd8 9. Bg5 Re8 10. Nd5 Nxd5 11. cxd5 c6 12. Bc4 b5 13. Bb3 c5 14.
a4 c4 15. Bd1 Nd7 16. axb5 Nc5 17. Nd2 Nd3+ 18. Kf1 Nxb2 19. Be2 c3 20. Nb1 Bd7 21. Nxc3 Rec8 22. Bd2 f5 23. g4 Nc4 24. Be1 Nd6 25.
gxf5 gxf5 26. exf5 Bxf5 27. Ra6 Nb7 28. Bg4 Bxg4 29.
hxg4 Nc5 30. Rc6 Nd3 31. Rh3 Nf4 32. Re3 Rd8 33. d6 Rab8 34. f3 Rb6 35. Rxb6 axb6 36.
Ne4 Kf7 37. Rc3 Nd5 38. Rc7+ Kg6 39. Rc6 Bf8 40. Bf2 h5 41. gxh5+ Kg7 42. Bxb6 Ra8 43. Bf2 Nf4 44. d7 Rd8 45. Rc7 Nd5 46. b6 Bb4 47.
Bh4 Rb8 48. d8=Q+ Nxc7 49. Qxc7+ 1-0

[Event "Late-Titled-Tuesday-Blitz-October-10-2023"]
[Site "Chess.com"]
[Date "2023.10.10"]
[Round "4"]
[White "frederiksvane"]
[Black "nihalsarin"]
[Result "1-0"]
[WhiteElo "2908"]
[BlackElo "3105"]
[TimeControl "180+1"]
[EndTime "14:37:19 PDT"]
[Termination "frederiksvane won by checkmate"]

1. c4 e5 2. Nc3 Nf6 3. Nf3 Nc6 4.
e4 Bc5 5. Nxe5 O-O 6. Nd3 Bd4 7. Be2 Re8 8. Bf3 d6 9. O-O g5 10. g3 Bh3 11. Re1 Qd7 12. Nd5 Kg7 13. Rb1 h5 14. b4 Ng4 15. Ne3 Nce5 16. Nxe5 Nxe5 17. Be2 Bg4 18.
f3 Bh3 19. Bb2 c5 20. Bf1 h4 21. g4 Bxf1 22. Rxf1 Bxb2 23. Rxb2 Kg6 24. bxc5 dxc5 25. Rb3 b6 26. Qc2 Rad8 27. Nd5 Kg7 28. Re3 Nc6 29.
d3 Nd4 30. Qf2 Qd6 31. f4 gxf4 32. Nxf4 Rf8 33. Nh5+ Kg8 34. Qxh4 Qg6 35. Rh3 Ne6 36. Nf6+ Kg7 37. Nh5+ Kg8 38. Rf6 Qh7 39. Rhf3 Nd4 40. Rh3 Ne6 41. Rf5 Rd4 42. Nf6+ Kg7 43. Qxh7# 1-0

[Event "Late-Titled-Tuesday-Blitz-October-10-2023"]
[Site "Chess.com"]
[Date "2023.10.10"]
[Round "4"]
[White "SanchezKelvin"]
[Black "sergoy"]
[Result "0-1"]
[WhiteElo "2610"]
[BlackElo "2978"]
[TimeControl "180+1"]
[EndTime "14:37:19 PDT"]
[Termination "sergoy won on time"]

1. e4 c5 2. Nf3 d6 3. d4 cxd4 4. Nxd4 Nf6 5. Nc3 a6 6. Bg5 e6 7.
f4 h6 8. Bh4 Qb6 9. a3 Be7 10.
Bf2 Qc7 11. Bd3 Nbd7 12. Qe2 b5 13. O-O-O Bb7 14. Rhe1 Nc5 15. Kb1 O-O 16. g4 d5 17.
e5 Nfe4 18. Bxe4 Nxe4 19. Nxe4 dxe4 20. Be3 Bd5 21. Qf2 b4 22. a4 Rab8 23. b3 Rfc8 24. h4 Bc5 25. Bc1 Qb6 26. Bb2 Rc7 27. f5 Rbc8 28. Re2 Rd7 29. f6 Rcd8 30. fxg7 Bxb3 31. Qf6 Bxd4 32. Qxh6 f5 33. Bxd4 Rxd4 34. Rxd4 Qxd4 35. Qh8+ Kf7 36. g8=Q+ Rxg8 37. Qh7+ Rg7 38. Qh5+ Kf8 39. Qh8+ Kf7 40. Qh5+ Ke7 41. Qh6 Qd1+ 42. Kb2 Kf7 43. Qf6+ Kg8 44. Rg2 Bd5 45. Qh6 Qd4+ 46. Kc1 b3 0-1

[Event "Late-Titled-Tuesday-Blitz-October-10-2023"]
[Site "Chess.com"]
[Date "2023.10.10"]
[Round "4"]
[White "orestn"]
[Black "luizzy"]
[Result "1-0"]
[WhiteElo "2395"]
[BlackElo "2541"]
[TimeControl "180+1"]
[EndTime "14:37:19 PDT"]
[Termination "orestn won by checkmate"]

1. e4 c5 2. Nf3 g6 3. d4 cxd4 4. Nxd4 Nc6 5. c4 Bg7 6. Be3 Nf6 7. Nc3 O-O 8. Be2 d6 9. O-O a6 10. f4 Ng4 11. Bxg4 Bxd4 12. Bxd4 Bxg4 13. Qd2 Nxd4 14.
Qxd4 Rc8 15. f5 Bh5 16. Nd5 Be2 17. Rf2 Rxc4 18. Qe3 Bh5 19. Nf4 Qa5 20. Nxh5 gxh5 21. Qg5+ Kh8 22. Qxe7 Qd8 23. Qxb7 Qf6 24. Qxa6 Rxe4 25.
Qd3 Rfe8 26. Raf1 h4 27. a3 Re3 28. Qd2 h3 29. gxh3 Rxh3 30. Rg2 Rhe3 31. a4 Rb3 32. Rd1 Re7 33. a5 Ra7 34. Qxd6 Qxd6 35.
Rxd6 Ra8 36. f6 Rb5 37. Rgd2 h6 38. Rd8+ Rxd8 39. Rxd8+ Kh7 40. a6 Ra5 41. Rd6 Ra1+ 42. Kf2 Ra2 43. Ke3 Kg6 44. Rb6 Kf5 45. b4 Rxh2 46.
a7 Ra2 47. Rb7 Kxf6 48. b5 Ke6 49. b6 Kd6 50. Rb8 Kc6 51. a8=Q+ Rxa8 52. Rxa8 Kxb6 53.
Rf8 Kc5 54. Rxf7 Kd5 55. Kf4 Ke6 56. Rh7 Kf6 57. Rxh6+ Kg7 58. Kg5 Kg8 59. Kf6 Kf8 60. Rh8# 1-0

[Event "Late-Titled-Tuesday-Blitz-October-10-2023"]
[Site "Chess.com"]
[Date "2023.10.10"]
[Round "4"]
[White "vladislavkovalev"]
[Black "adricalderon8"]
[Result "1-0"]
[WhiteElo "2866"]
[BlackElo "2506"]
[TimeControl "180+1"]
[EndTime "14:37:20 PDT"]
[Termination "vladislavkovalev won by resignation"]

1. e4 c5 2. Nf3 d6 3. Bb5+ Nd7 4. O-O a6 5. Bd3 Ngf6 6. c3 b5 7. a4 Bb7 8. axb5 axb5 9. Rxa8 Qxa8 10. Bxb5 Bxe4 11.
d4 Bxb1 12. dxc5 Be4 13. cxd6 exd6 14. Re1 Be7 15. Qe2 O-O 16. Bxd7 Bxf3 17. Qxf3 Qxf3 18.
gxf3 Nxd7 19. Rxe7 Ne5 20. Bf4 Ng6 21. Re4 d5 22.
Rb4 Re8 23. Rb8 Rxb8 24. Bxb8 Nh4 25. Kf1 Kf8 26. Ke2 Ke7 27. Bg3 Nf5 28. Kd3 Kd7 29. c4 Kc6 30. b4 h5 31. h3 g5 32. Be5 dxc4+ 33. Kxc4 Nh4 34. b5+ Kb7 35. f4 Ng6 36. Kd5 gxf4 37. Bd4 Nf8 38. f3 Ne6 39. h4 Nc7+ 40. Kc4 Ne6 41. Bf2 Ng7 42. Kd5 Ne8 43.
Ke5 Nc7 44. b6 Ne6 45. Kf6 Nd8 46. Kg5 Ne6+ 47. Kxh5 Kc6 48. Kg4 Ng7 49. Kxf4 Nh5+ 50. Kg4 Nf6+ 51. Kf5 1-0

[Event "Late-Titled-Tuesday-Blitz-October-10-2023"]
[Site "Chess.com"]
[Date "2023.10.10"]
[Round "4"]
[White "schack_vit"]
[Black "BardArtem"]
[Result "1-0"]
[WhiteElo "2481"]
[BlackElo "2781"]
[TimeControl "180+1"]
[EndTime "14:37:20 PDT"]
[Termination "schack_vit won by resignation"]

1. c4 c6 2. Nf3 d5 3. g3 Nf6 4. Bg2 Bf5 5. O-O e6 6. b3 Nbd7 7. Bb2 h6 8. Nc3 Bd6 9. d4 O-O 10. Nd2 Re8 11. e4 dxe4 12. Ndxe4 Nxe4 13. Nxe4 Bxe4 14.
Bxe4 e5 15. d5 Qc7 16. dxc6 bxc6 17. Qe2 Nf6 18. Bg2 Rad8 19. Rfd1 Rd7 20. Rd2 Red8 21. Rad1 a5 22. Bh3 Bb4 23. Rxd7 Nxd7 24. Qd3 Bc5 25. Bxd7 Bd4 26. Bf5 Bxf2+ 27. Kxf2 Rxd3 28. Rxd3 g6 29. Bh3 Qe7 30. Bg2 Qf6+ 31. Rf3 Qg5 32. Re3 Qf5+ 33. Bf3 f6 34. Kg2 Qb1 35. Re2 c5 36.
Bd5+ Kh7 37. a3 Qd1 38. Rf2 Qxb3 39. Rxf6 Qxb2+ 40. Rf2 Qb8 41. Rf7+ Kh8 42. Rf6 h5 43. Rxg6 e4 44. Rg8+ Qxg8 45. Bxg8 Kxg8 46. Kf2 Kf7 47.
Ke3 a4 48. Kxe4 Ke6 49. h3 Kd6 50. g4 Ke6 51. gxh5 Kf6 52. h6 1-0

[Event "Late-Titled-Tuesday-Blitz-October-10-2023"]
[Site "Chess.com"]
[Date "2023.10.10"]
[Round "4"]
[White "NotFischer"]
[Black "CarlosjPineror"]
[Result "0-1"]
[WhiteElo "2273"]
[BlackElo "2493"]
[TimeControl "180+1"]
[EndTime "14:37:20 PDT"]
[Termination "CarlosjPineror won on time"]

1. e4 c5 2. Nf3 e6 3. d4 cxd4 4. Nxd4 a6 5. Nc3 Qc7 6. a4 Nf6 7. Bd3 b6 8. O-O h5 9. h3 Bb7 10. Re1 d6 11. f4 Nbd7 12. Be3 Be7 13. f5 e5 14. Nf3 h4 15. Bg5 Nh5 16. Bxe7 Kxe7 17.
Nxh4 Nf4 18. f6+ Nxf6 19. Nf5+ Kf8 20. Bf1 Rd8 21. Qf3 g6 22. Ne3 Kg7 23. Rad1 Qc5 24. Kh2 Bc8 25. Ned5 Bg4 26. Qg3 Bxd1 27. Nxf6 Kxf6 28.
Rxd1 Kg7 29. Bxa6 Rh5 30. Rf1 Rdh8 31. Rxf4 exf4 32. Qxf4 Qe5 33. Qxe5+ Rxe5 34. Bb7 f5 35. Kg3 Rb8 36. Bd5 Rc8 37. Kf4 Kf6 38. g4 g5+ 39. Kf3 f4 40. Bb3 Rxc3+ 41. bxc3 Rc5 42. c4 Ke5 43. h4 gxh4 44. g5 h3 45. Kf2 Rc8 46.
c5 bxc5 47. Bf7 Rh8 48. g6 h2 49. g7 h1=Q 50. gxh8=Q+ Qxh8 0-1

[Event "Late-Titled-Tuesday-Blitz-October-10-2023"]
[Site "Chess.com"]
[Date "2023.10.10"]
[Round "4"]
[White "KaydenTroffChess"]
[Black "angryspacevoid"]
[Result "1-0"]
[WhiteElo "2797"]
[BlackElo "2541"]
[TimeControl "180+1"]
[EndTime "14:37:21 PDT"]
[Termination "KaydenTroffChess won by resignation"]

1. d4 d5 2. c4 e6 3. Nf3 Nf6 4. g3 dxc4 5. Bg2 Nc6 6. Qa4 Bb4+ 7. Bd2 Nd5 8. Qb5 Bxd2+ 9. Nbxd2 c3 10.
bxc3 Nxc3 11. Qb3 Nd5 12. O-O O-O 13. Rac1 Nb6 14. Rfd1 Qd5 15. Qb2 Bd7 16. Nb3 Qh5 17. Nc5 Rad8 18. Nxb7 Rb8 19. Nc5 Bc8 20. Nd3 Bb7 21.
Rc5 Qh6 22. Qc2 Ne7 23. Rxc7 Rfc8 24. Nde5 Ned5 25. Rc5 Qf6 26. Rc1 Rd8 27. Qd2 h6 28. e3 Ne7 29. Nh4 Bxg2 30. Nxg2 Nf5 31. Nf4 Nd6 32.
Rc7 Ne4 33. Qc2 Ng5 34. h4 Nh7 35. Rxf7 Rbc8 36. Qxc8 Rxc8 37. Rxc8+ Nxc8 38. Rxf6 Nxf6 39. Nxe6 Nd6 40. Nc5 Nd5 41. Kg2 Nc3 42. a3 Ndb5 43. a4 Nd6 44. f3 a5 45. Kf2 Nf5 46. Nc6 Nd1+ 47. Ke2 Nc3+ 48. Kd3 Nd5 49. e4 Nxg3 50. exd5 1-0

[Event "Late-Titled-Tuesday-Blitz-October-10-2023"]
[Site "Chess.com"]
[Date "2023.10.10"]
[Round "4"]
[White "karinachess1"]
[Black "Dr_crypt"]
[Result "1/2-1/2"]
[WhiteElo "2587"]
[BlackElo "2404"]
[TimeControl "180+1"]
[EndTime "14:37:22 PDT"]
[Termination "Game drawn by repetition"]

1. d4 Nf6 2. c4 e6 3. Nc3 Bb4 4.
Qc2 O-O 5. a3 Bxc3+ 6. Qxc3 b5 7. cxb5 c6 8. a4 cxb5 9. axb5 Bb7 10. Nf3 d6 11. e3 Nbd7 12. Be2 Ne4 13. Qa3 Nb6 14.
O-O f5 15. Nd2 Qg5 16. f3 Nxd2 17. Bxd2 Rfd8 18. Rac1 Nd5 19. Qd3 Qe7 20. e4 fxe4 21. fxe4 Nf6 22. Bg5 e5 23. d5 Rf8 24. Qe3 h6 25.
Bxf6 Rxf6 26. Bg4 Rxf1+ 27. Rxf1 Bc8 28. Qh3 Bxg4 29. Qxg4 Rb8 30. Rc1 Kh7 31. Rc6 Rxb5 32. Qf5+ g6 33. Qc8 Rb7 34. Rxd6 Rc7 35. Qe6 Rc1+ 36.
Kf2 Rc2+ 37. Kf3 Qf8+ 38. Qf6 Qxf6+ 39. Rxf6 Rxb2 40. Rf7+ Kg8 41. Rxa7 Rb3+ 42. Kf2 Rb2+ 43. Kf3 Rb3+ 44. Kg4 Rb4 45. Kf3 Rb3+ 1/2-1/2

[Event "Late-Titled-Tuesday-Blitz-October-10-2023"]
[Site "Chess.com"]
[Date "2023.10.10"]
[Round "4"]
[White "karwowskikacper"]
[Black "Dhaydon19"]
[Result "1-0"]
[WhiteElo "2556"]
[BlackElo "2779"]
[TimeControl "180+1"]
[EndTime "14:37:26 PDT"]
[Termination "karwowskikacper won by checkmate"]

1. d4 Nf6 2. c4 g6 3. Nc3 d5 4.
cxd5 Nxd5 5. Bd2 Bg7 6. e3 O-O 7. Nf3 c5 8. Nxd5 Qxd5 9. Bc3 Nc6 10. Bb5 cxd4 11. Bxc6 bxc6 12. Bxd4 e5 13. Bxe5 Qa5+ 14.
Qd2 Qxd2+ 15. Kxd2 Rd8+ 16. Kc3 Bf8 17. Rhd1 Be6 18. b3 a5 19. Bf6 Bb4+ 20. Kb2 Rdb8 21.
Nd4 Bd5 22. f3 a4 23. e4 Be6 24. Nxe6 fxe6 25. Rd7 Bf8 26. Rad1 axb3 27. axb3 Ba3+ 28. Kc2 Bf8 29. Ra1 Rxa1 30. Bxa1 Rb5 31. Bd4 Rh5 32. h3 Rg5 33. g4 Rb5 34. Kc3 e5 35. Be3 Bb4+ 36. Kc4 Bf8 37. Rd8 Kf7 38. Rc8 Rb4+ 39.
Kc3 Rb7 40. Rxc6 Bb4+ 41. Kc4 Be7 42. Bb6 Ke8 43. Bc5 Kd7 44. Rb6 Rc7 45. b4 Bd8 46. Rd6+ Ke8 47. Kd5 Bf6 48. Rxf6 Rd7+ 49. Kxe5 Rd3 50.
Re6+ Kd7 51. Rd6+ Rxd6 52. Bxd6 Kc6 53. Ke6 Kb5 54. Kf7 Kc4 55. Kg7 Kd3 56. Kxh7 Ke2 57. Kxg6 Kxf3 58. e5 Kg3 59. g5 Kxh3 60. Kf6 Kg4 61. g6 Kf4 62. g7 Ke4 63. g8=Q Kd4 64. Qe6 Kc3 65. Qd5 Kb2 66. Qc4 Ka3 67. b5+ Kb2 68. Qd3 Ka2 69. Qc3 Kb1 70. Qd2 Ka1 71. Ke6 Kb1 72. Kd5 Ka1 73. Kc4 Kb1 74. Kb3 Ka1 75.
Qd1# 1-0

[Event "Late-Titled-Tuesday-Blitz-October-10-2023"]
[Site "Chess.com"]
[Date "2023.10.10"]
[Round "4"]
[White "Korchmar_Vasiliy"]
[Black "iturrizaga"]
[Result "0-1"]
[WhiteElo "2769"]
[BlackElo "3002"]
[TimeControl "180+1"]
[EndTime "14:37:28 PDT"]
[Termination "iturrizaga won by resignation"]

1. e4 c5 2. d4 cxd4 3. Qxd4 Nc6 4. Qd3 Nf6 5. Nc3 d6 6. Nf3 g6 7. Be2 Bg7 8. O-O O-O 9. Nd5 Nd7 10. c3 a6 11. Bg5 Re8 12. Rad1 b5 13. Qe3 Bb7 14.
h4 Rc8 15. h5 Qa5 16. h6 Bh8 17. a3 Nf8 18. Bh4 Nd7 19. Ng5 e6 20. Nb4 Qc7 21. Bg3 Nce5 22. f4 Nc4 23. Bxc4 bxc4 24. Kh1 Nf6 25. Qe2 Nh5 26. Bh2 Qe7 27. Rde1 Qf8 28. Qg4 Qxh6 29. f5 exf5 30. exf5 Rxe1 31. Rxe1 gxf5 32. Nxf7+ Kxf7 33. Qxf5+ Kg8 34. Kg1 Rf8 35. Qd7 Qf6 36. Qg4+ Bg7 37. Qxc4+ Kh8 38. Rf1 Qxf1+ 39. Qxf1 Rxf1+ 40. Kxf1 d5 41. Nd3 Nf6 42. Nc5 Bc8 43. Be5 Kg8 44. a4 Kf7 45. b4 Bf8 46. Nd3 Ne4 47.
Bd4 Bd6 48. Ke2 Ke6 49. Ke3 Bd7 50. c4 Bxa4 51. cxd5+ Kxd5 52. Bc5 Nxc5 0-1

[Event "Late-Titled-Tuesday-Blitz-October-10-2023"]
[Site "Chess.com"]
[Date "2023.10.10"]
[Round "4"]
[White "chosenpr"]
[Black "koncheto"]
[Result "0-1"]
[WhiteElo "2259"]
[BlackElo "2492"]
[TimeControl "180+1"]
[EndTime "14:37:30 PDT"]
[Termination "koncheto won on time"]

1. e4 e5 2. Nf3 Nf6 3. Nxe5 Nc6 4. d4 Nxe4 5. Qe2 Qe7 6. Qxe4 d6 7. Bb5 Bd7 8. O-O dxe5 9. dxe5 O-O-O 10. Re1 Nxe5 11. Bxd7+ Rxd7 12. Nc3 Nc6 13. Bf4 Qxe4 14. Nxe4 Be7 15.
Rad1 Rhd8 16. Rxd7 Rxd7 17. c3 g6 18. h3 a6 19. Re2 Nd8 20. Bg5 Bxg5 21. Nxg5 h5 22. f4 c6 23. Kf2 Kc7 24. Kf3 Rd3+ 25. Ke4 Rd7 26. Nf3 Ne6 27. Ne5 Re7 28. Kf3 b6 29. g4 hxg4+ 30. hxg4 Nc5 31. Rd2 b5 32. b3 Ne6 33.
Re2 Nc5 34. Re3 a5 35. g5 a4 36. b4 Ne6 37. Ng4 Kd6 38. Nf6 Nc7 39. Rd3+ Ke6 40.
Ne4 Nd5 41. Nc5+ Kd6 42. a3 Re1 43. Ne4+ Kc7 44. Nf6 Nxf6 45. gxf6 Re6 46. Kg4 Rxf6 47. Kg5 Rf5+ 48. Kg4 Rd5 49. Re3 Kd6 50. Re7 Kxe7 0-1

[Event "Late-Titled-Tuesday-Blitz-October-10-2023"]
[Site "Chess.com"]
[Date "2023.10.10"]
[Round "4"]
[White "venturov"]
[Black "Dannyyi"]
[Result "0-1"]
[WhiteElo "2438"]
[BlackElo "2262"]
[TimeControl "180+1"]
[EndTime "14:37:31 PDT"]
[Termination "Dannyyi won by resignation"]

1. e4 c5 2. Nf3 Nc6 3. d4 cxd4 4. Nxd4 Nf6 5. Nc3 e5 6. Ndb5 d6 7. Nd5 Nxd5 8. exd5 Nb8 9. a4 Be7 10. Be2 O-O 11. O-O Nd7 12. Be3 a6 13. Na3 Bg5 14. Qd2 Bxe3 15. Qxe3 Qh4 16. Nc4 Qe7 17. Qa3 Nc5 18. b4 Ne4 19. f3 Nf6 20. Nb6 Rb8 21. c4 Bf5 22. a5 Rfe8 23. Rae1 Nd7 24. Bd3 Bxd3 25. Qxd3 Qd8 26. c5 Nxb6 27. axb6 Qd7 28. Rc1 Rec8 29. Rfd1 g6 30. Rc2 Qa4 31. Rdc1 Qxb4 32.
Rc4 Qb5 33. cxd6 Qxb6+ 34. Kh1 Rxc4 35. Qxc4 Qxd6 36. h4 h5 37. g4 hxg4 38. Qxg4 Qxd5 39. h5 Qd2 40. Rg1 Qh6 41. Qh4 Re8 42. Rg4 Re6 43. Kg2 e4 44. Qd8+ Kg7 45. Qd4+ Kg8 46. Qd8+ Qf8 47.
Qd4 exf3+ 48. Kxf3 Qa3+ 49. Kg2 Qa2+ 50. Kg3 Qb3+ 51.
Kh4 Qc2 52. hxg6 Qh2+ 53. Kg5 Rxg6+ 54. Kf5 Qh5+ 55. Rg5 Qxg5+ 56. Ke4 Qg4+ 57. Kd5 Rd6+ 0-1

[Event "Late-Titled-Tuesday-Blitz-October-10-2023"]
[Site "Chess.com"]
[Date "2023.10.10"]
[Round "4"]
[White "micke12a"]
[Black "jaskol95"]
[Result "1/2-1/2"]
[WhiteElo "2355"]
[BlackElo "2569"]
[TimeControl "180+1"]
[EndTime "14:37:33 PDT"]
[Termination "Game drawn by stalemate"]

1. d4 d5 2. Nc3 c6 3. Bf4 Bf5 4. e3 e6 5. f3 Bd6 6. Nge2 h5 7. h4 Nf6 8. Bg5 Nbd7 9. e4 dxe4 10. fxe4 Bg4 11. e5 Nxe5 12. dxe5 Bxe5 13. Qxd8+ Rxd8 14. Rd1 Rxd1+ 15. Nxd1 Ne4 16. Be3 Ke7 17. c3 Rd8 18. Nf2 Bxe2 19. Bxe2 Ng3 20. Rg1 Nf5 21. Bxa7 Nxh4 22. Nd3 Bg3+ 23. Bf2 Bxf2+ 24. Kxf2 g6 25. g4 hxg4 26. Rxg4 Nf5 27. a4 Rh8 28.
Rb4 Nd6 29. Nc5 f5 30. Nxb7 Ne4+ 31. Ke3 Rh3+ 32. Kd4 Rh2 33. Bd3 Nd6 34. Nxd6 Kxd6 35. Rb8 e5+ 36. Kc4 e4 37. Bb1 Kc7 38. Rg8 Rxb2 39.
Bxe4 fxe4 40. Rxg6 Ra2 41. Kd4 Rxa4+ 42. c4 e3 43. Re6 Ra3 44. Rxe3 c5+ 45. Ke4 Rxe3+ 46. Kxe3 Kb6 47. Ke4 Ka5 48. Ke5 Kb6 49. Kd5 Kb7 50. Kxc5 Kc7 51. Kb5 Kb7 52. c5 Kc7 53. Kc4 Kc6 54.
Kd4 Kc7 55. Kd5 Kd7 56. c6+ Kc7 57. Kc5 Kc8 58. Kb6 Kb8 59. Kb5 Kc7 60. Kc5 Kc8 61. Kd6 Kd8 62. c7+ Kc8 63. Kc6 1/2-1/2

[Event "Late-Titled-Tuesday-Blitz-October-10-2023"]
[Site "Chess.com"]
[Date "2023.10.10"]
[Round "4"]
[White "matagordo"]
[Black "Langua_Chess"]
[Result "0-1"]
[WhiteElo "2226"]
[BlackElo "2482"]
[TimeControl "180+1"]
[EndTime "14:37:33 PDT"]
[Termination "Langua_Chess won by resignation"]

1. d4 d5 2. Bf4 c5 3. e3 Nc6 4.
Nf3 Nf6 5. Nbd2 Bf5 6. dxc5 e6 7. Nd4 Bxc5 8. Nxf5 exf5 9. Be2 O-O 10. O-O Bb6 11.
c3 Re8 12. Nb3 Ne4 13. Rc1 Qf6 14. h3 Rad8 15. Nd4 g5 16. Bh2 f4 17. exf4 Nxd4 18.
cxd4 Bxd4 19. fxg5 Nxf2 20. gxf6 Nxd1+ 21. Kh1 Nxb2 22. Bf3 Nd3 23. Rc2 Bxf6 24. Bxd5 Rxd5 25. Rxf6 Re1+ 26. Bg1 Rb5 27. Kh2 Ne5 28. Bd4 Rd5 29.
Bxe5 Rexe5 30. Rf3 Rd7 31. Rg3+ Kf8 32. Rc8+ Ke7 33. Rh8 h5 34. Rg7 Rf5 35. Rhh7 Rdd5 36. Rg8 b5 37. Ra8 Rd7 38. Rg8 a5 39. Rg3 b4 40. Re3+ Kd6 41. Rh6+ Kc7 42. Rh8 Kb7 43. Re4 Kb6 44. Rc4 Kb5 45. Rcc8 Ka4 46. Rc2 Rd3 47.
Re2 Rc3 48. Rhe8 Rfc5 49. R8e7 Rc2 50. Rxc2 Rxc2 51. Rxf7 Rxa2 52. Rf5 b3 53. Rxh5 b2 54. Rh8 b1=Q 55. Rb8 Qxb8+ 0-1

[Event "Late-Titled-Tuesday-Blitz-October-10-2023"]
[Site "Chess.com"]
[Date "2023.10.10"]
[Round "4"]
[White "TheoSlade"]
[Black "GothamChess"]
[Result "0-1"]
[WhiteElo "2512"]
[BlackElo "2747"]
[TimeControl "180+1"]
[EndTime "14:37:35 PDT"]
[Termination "GothamChess won by resignation"]

1. d4 f5 2. e4 fxe4 3. Nc3 Nf6 4. Bg5 Nc6 5. d5 Ne5 6. Qe2 c6 7. f4 Nf7 8. Bxf6 gxf6 9. Nxe4 Qb6 10. O-O-O cxd5 11. Rxd5 Bg7 12. Nf3 e6 13. Rd1 Qc7 14. f5 Qf4+ 15.
Kb1 Qxf5 16. g4 Qf4 17. Bg2 O-O 18. Rdf1 d5 19. Nc5 Qd6 20. Nb3 e5 21. Nh4 Nh6 22. Qd1 Be6 23. Nf5 Nxf5 24. gxf5 Bf7 25. Rhg1 Kh8 26. Nd2 Qc5 27. Bf3 Rac8 28. Nb3 Qc4 29.
Rf2 e4 30. Be2 Qc7 31. Bh5 Bh6 32. Bxf7 Qxf7 33. Nd4 Be3 34. Rfg2 Bxg1 35. Rxg1 Rg8 36. Ne6 Rxg1 37. Qxg1 Rg8 38. Qxa7 h5 39. a4 Qe7 40.
Qe3 Kh7 41. Qh3 Kh6 42. Nf4 Rg5 43. Nxd5 Qe5 44. Qb3 Rxf5 45. Ne3 Rf3 46. Qb6 Qf4 47. Nd5 Qe5 48. Qxb7 e3 49. Ka2 e2 50. Qc8 Qxd5+ 51.
b3 e1=Q 52. Qh8+ Kg5 53. Qg7+ Kf5 54. Qh7+ Kf4 55. Qh6+ Qg5 56. Qf8 Ke3 57. Qe7+ Qe5 58.
Qa7+ Qd4 59. Qe7+ Kd2 60. Qb4+ Qxb4 0-1

[Event "Late-Titled-Tuesday-Blitz-October-10-2023"]
[Site "Chess.com"]
[Date "2023.10.10"]
[Round "4"]
[White "GoltsevDmitry2000"]
[Black "Zeck_CH"]
[Result "1-0"]
[WhiteElo "2703"]
[BlackElo "2460"]
[TimeControl "180+1"]
[EndTime "14:37:36 PDT"]
[Termination "GoltsevDmitry2000 won by resignation"]

1. e4 e5 2. Nf3 Nc6 3. Bb5 a6 4. Ba4 Nf6 5. O-O b5 6. Bb3 Be7 7. Re1 O-O 8. c3 d6 9. d4 Bg4 10. d5 Nb8 11. h3 Bxf3 12. Qxf3 Nbd7 13. Nd2 Nc5 14. Bc2 a5 15. Nf1 Nfd7 16. Ng3 g6 17. Bh6 Re8 18. Nf5 Bf6 19. Ne3 Bg7 20. Ng4 Qe7 21.
Bd2 h5 22. Nh6+ Kh7 23. Qxf7 Qxf7 24. Nxf7 Re7 25. Ng5+ Kg8 26. b4 Na6 27. Bd3 Rb8 28.
a4 axb4 29. cxb4 Rb7 30. axb5 Nab8 31. Rec1 Bf6 32. Ne6 Nf8 33. Nd8 Rb6 34. Be3 Rd7 35. Bxb6 Bxd8 36. Ra8 cxb6 37. Rxb8 Kf7 38. Rcc8 Ke7 39. g3 Nh7 40. f4 Nf6 41. Kg2 h4 42. fxe5 dxe5 43. gxh4 Nh5 44. Kf3 Nf4 45. Bc4 Rd6 46.
Rc6 Rd7 47. d6+ Kf6 48. Rcc8 Be7 49. dxe7 Kxe7 50. Re8+ Kd6 51. Rbd8 Kc7 52. Rxd7+ Kxd7 53. Rf8 Nh5 54. Rf7+ Kd6 55. Rb7 Nf4 56. Rxb6+ Ke7 57. Re6+ Nxe6 58. Bxe6 Kxe6 59. b6 Kd6 60. b5 Kd7 61. Kg4 Kc8 62. Kg5 Kb7 63. Kxg6 Kxb6 64. h5 Kxb5 65. Kf5 Kc4 66. h6 Kd4 67. h7 Ke3 68. h8=Q 1-0